 Dungeon Crawl Stone Soup version 0.19.1 (webtiles) character file.

151 FortunaImperatrix the Slasher (level 5, -2/47 HPs)
             Began as a Hill Orc Monk on Dec 1, 2016.
             Slain by a worm (6 damage)
             ... on level 2 of the Dungeon.
             The game lasted 00:10:21 (2390 turns).

FortunaImperatrix the Slasher (Hill Orc Monk)       Turns: 2390, Time: 00:10:22

Health: -2/47      AC:  9    Str: 14 (15) XL:     5   Next: 33%
Magic:  5/5        EV:  7    Int:  7 (10) God:
Gold:   53         SH:  0    Dex: 10 (13) Spells: 0 memorised, 4 levels left

rFire  + . .     SeeInvis .     a - +0 falchion
rCold  + . .     Gourm    .     n - +0 chain mail
rNeg   . . .     Faith    .     (no shield)
rPois  +         Spirit   .     (no helmet)
rElec  +         Reflect  .     (no cloak)
rCorr  +         Harm     .     k - +0 pair of gloves
MR     .....                    (no boots)
Stlth  ..........               (no amulet)
                                (no ring)
                                (no ring)

@: resistant
A: no striking features
a: no special abilities


You were on level 2 of the Dungeon.
You were not hungry.

You visited 1 branch of the dungeon, and saw 2 of its levels.

You collected 53 gold pieces.

Inventory:

Hand Weapons
 a - a +0 falchion (weapon)
Missiles
 l - 15 poisoned needles
Armour
 k - a +0 pair of gloves (worn)
 n - a +0 chain mail (worn)
Wands
 q - a wand of polymorph (8/24)
Scrolls
 d - 2 scrolls of teleportation {unknown}
 g - a scroll of remove curse {unknown}
 h - a scroll of identify {unknown}
 j - a scroll of enchant weapon {unknown}
 o - a scroll of immolation {unknown}
Potions
 e - 2 potions of degeneration
Comestibles
 c - 2 bread rations
 m - 6 fruits
 r - a chunk of flesh


   Skills:
 * Level 4.4 Fighting
 * Level 4.7 Long Blades
 + Level 2.1 Armour
 - Level 3.0 Dodging
 - Level 1.7 Stealth
 - Level 0.2 Unarmed Combat


You had 4 spell levels left.
You didn't know any spells.

Dungeon Overview and Level Annotations

Branches:
Dungeon (2/15)

Altars:

Annotations:
D:2 Sigmund


Message History

A worm comes into view.
It was a potion of degeneration.
There was something very wrong with that liquid.
You feel weakened.
You feel dopey.
You feel clumsy. Sigmund barely misses you.
It was a potion of brilliance.
You feel clever all of a sudden. Sigmund hits you but does no damage.
It was a potion of cure mutation.
It has a very clean taste.
Sigmund hits you but does no damage.
It was a potion of cancellation.
Your magical effects are unravelling.
You feel magically purged.
You feel a little less clever now. Sigmund hits you but does no damage.
The worm bites you.
* * * LOW HITPOINT WARNING * * *
It was a potion of resistance.
You feel protected. Sigmund hits you but does no damage. The worm bites you.
You die...

#..#.# #..#.# )..#.#
##.#.#
#.#.################
#.#................#
#.################.#
#.# #........SJ.##.#
#.#
#.#########@##.######
#.# #.# #.w.......#
#.# #.#
#########.####.# #.#
#.# #.........# #.#
#.# #.# #.#########
#.# #.# #.# #.# #.#
#.###.# #.# #.#
#S##..# #.# ##.##
##.#.#.## #.#####
##.#.##


You could see a worm, Sigmund the jelly and an adder.

Vanquished Creatures
  Ijyb (D:2)
  Natasha (twice) (D:2)
  4 adders (D:2)
  3 worms (D:2)
  2 leopard geckos (D:1)
  3 bats
  3 giant cockroaches (D:1)
  3 goblins
  3 hobgoblins
  4 kobolds
  A frilled lizard (D:2)
  5 rats
34 creatures vanquished.

Notes
Turn   | Place    | Note
-------+----------+-------------------------------------------
     0 | D:1      | FortunaImperatrix the Hill Orc Monk began the quest for the Orb.
     0 | D:1      | Reached XP level 1. HP: 19/19 MP: 1/1
   250 | D:1      | Reached XP level 2. HP: 27/27 MP: 2/2
   942 | D:2      | Reached XP level 3. HP: 15/33 MP: 3/3
  1171 | D:2      | Noticed Natasha
  1190 | D:2      | Killed Natasha
  1190 | D:2      | Reached XP level 4. HP: 26/40 MP: 4/4
  1549 | D:2      | Noticed Ijyb
  1579 | D:2      | Reached skill level 1 in Armour
  1583 | D:2      | Killed Ijyb
  1879 | D:2      | Reached XP level 5. HP: 30/47 MP: 5/5
  2186 | D:2      | Noticed Natasha
  2200 | D:2      | Killed Natasha
  2340 | D:2      | Noticed Sigmund
  2341 | D:2      | Noticed Sigmund
  2341 | D:2      | Sigmund changed into Sigmund the jelly
  2390 | D:2      | Slain by a worm

Skill      XL: |  1  2  3  4  5 |
---------------+----------------+-----
Fighting       | 4 |  4.4
Long Blades    | 4 |  4.7
Dodging        | 3 |  3.0
Armour         | 1 2 |  2.1
Stealth        | |  1.7
Unarmed Combat | |  0.2

Action                   |  1- 3 |  4- 6 || total
-------------------------+-------+-------++-------
Melee: Falchion          |    75 |   116 ||   191
       Unarmed           |       |     5 ||     5
Evoke: Wand              |       |     1 ||     1
  Use: Potion            |       |     5 ||     5
 Stab: Sleeping          |     2 |       ||     2
  Eat: Chunk             |     1 |     4 ||     5
Armor: Robe              |     9 |       ||     9
       Ring mail         |     4 |       ||     4
       Chain mail        |    10 |    51 ||    61
       Skin              |       |     8 ||     8
Dodge: Dodged            |    50 |    36 ||    86
       Rpst.: Falchion   |    15 |     9 ||    24
